 Dungeon Crawl Stone Soup version 0.30-a0-743-gbfdf073431 (webtiles) character file.

Game seed: 1430475426577498335

854 voltaire321 the Chiller (level 7, -5/52 HPs)
             Began as a Demonspawn Ice Elementalist on Feb 7, 2023.
             Slain by Crazy Yiuf
             ... wielding a +4 quarterstaff of chaos
              (10 damage)
             ... on level 5 of the Dungeon.
             The game lasted 00:14:45 (5039 turns).

voltaire321 the Chiller (DsIE)                      Turns: 5039, Time: 00:14:46

Health: -5/52      AC:  7    Str:  9    XL:     7   Next: 70%
Magic:  10/13      EV: 13    Int: 24    God:
Gold:   224        SH:  0    Dex: 13    Spells: 4/14 levels left

rFire   + . .      SeeInvis .    f - +1 dagger (venom)
rCold   + . .      Faith    .    (no shield)
rNeg    . . .      Spirit   .    a - +0 robe
rPois   +          Reflect  .    (no helmet)
rElec   +          Harm     .    (no cloak)
rCorr   +          Rampage  .    y - +0 pair of gloves
Will    .....                    m - +0 pair of boots
Stlth   ++                       (no amulet)
HPRegen 0.28/turn                B - +6 ring of intelligence
MPRegen 0.13/turn                (no ring)

@: resistant, freezing walls
A: molten scales 2, powered by death 1, weakness stinger 1
a: no special abilities


You were on level 5 of the Dungeon.
You visited 1 branch of the dungeon, and saw 5 of its levels.
You also visited: Sewer.

You collected 224 gold pieces.

Inventory:

Hand Weapons
 f - a +1 dagger of venom (weapon)
 x - a +2 whip of freezing
Missiles
 l - a throwing net
Armour
 a - a +0 robe (worn)
 m - a +0 pair of boots (worn)
 y - a +0 pair of gloves (worn)
Jewellery
 B - a +6 ring of intelligence (left hand)
 E - a +4 ring of protection
Wands
 c - a wand of flame (19)
Scrolls
 e - 3 scrolls of blinking {unknown}
 g - 8 scrolls of identify {unknown}
 j - 2 scrolls of amnesia {unknown}
 n - a scroll of immolation {unknown}
 p - a scroll of fear {unknown}
 v - 2 scrolls of enchant armour {unknown}
 w - 2 scrolls of acquirement {unknown}
 z - a scroll of noise {unknown}
 A - a scroll of magic mapping {unknown}
 C - a scroll of torment {unknown}
Potions
 b - a potion of magic
 d - a potion of berserk rage {unknown}
 h - 2 potions of might {unknown}
 i - a potion of ambrosia {unknown}
 k - 4 potions of curing {unknown}
 o - 5 potions of heal wounds {unknown}
 q - 3 potions of attraction {unknown}
 r - 4 potions of haste {unknown}
 s - a potion of invisibility {unknown}
 t - a potion of mutation {unknown}
 u - 2 potions of resistance {unknown}
 D - a potion of degeneration {unknown}


   Skills:
 + Level 3.5 Fighting
 + Level 3.2 Armour
 + Level 3.7 Dodging
 - Level 1.7 Stealth
 + Level 4.0 Spellcasting
 + Level 0.9 Conjurations
 + Level 5.1 Ice Magic


You had 4 spell levels left.
You knew the following spells:

 Your Spells              Type           Power      Damage    Failure   Level
a - Ozocubu's Armour      Ice            29%        N/A       3%          3
b - Frozen Ramparts       Ice            58%        1d9       3%          3
c - Freeze                Ice            100%       1d10      1%          1
d - Hailstorm             Conj/Ice       19%        3d6       9%          3

Your spell library contained the following spells:

 Spells                   Type           Power      Damage    Failure   Level
 Kiss of Death            Conj/Necr      28%        2d7       9%          1
 Confusing Touch          Hex            4%         N/A       28%         3
 Summon Ice Beast         Ice/Summ       17%        N/A       32%         4
 Dispel Undead            Necr           4%         3d7       67%         4


Dungeon Overview and Level Annotations

Branches:
Dungeon (5/15)              Sewer (visited)
 Temple: D:4-7

Altars:
Ashenzari
Cheibriados
Hepliaklqana
Kikubaaqudgha
Sif Muna
Wu Jian
Xom

Shops:
D:3 :   D:4 *

Annotations:
D:5 Crazy Yiuf


Innate Abilities, Weirdness & Mutations

You are mostly covered in molten scales. (AC +3)
You regenerate a little health from kills.
You have a small tail.


Message History

There is a stone staircase leading down here.
There is an open door here.
You open the door.
There is an open door here.
Partly explored, can't reach some places.
You hit the fungus.
The fungus begins to die.
The fungus is lightly damaged.
You hit the fungus.
The fungus is lightly damaged.
You hit the fungus but do no damage.
The fungus is poisoned.
The fungus is lightly damaged.
You hit the fungus.
The fungus is lightly damaged.
You hit the fungus.
The fungus is lightly damaged.
A nearby fungus withers and dies.
Found a hammer.
Found a runed translucent door.
Casting: Frozen Ramparts (dangerous; 3% risk of failure)
Press: ? - help, Q - select action, (/) - cycle Dir - look around, f - activate
Okay, then.
Unknown command.
Unknown command.
You open the door.
Crazy Yiuf shouts!
There is an open translucent door here.
Crazy Yiuf says, "Buddy water cloud!"
Crazy Yiuf hits you with a +4 quarterstaff of chaos!
You feel protected.
Casting: Frozen Ramparts (dangerous; 3% risk of failure)
Press: ? - help, Q - select action, (/) - cycle Dir - look around, f - activate The walls around you are covered in ice.
Crazy Yiuf hits you with a +4 quarterstaff of chaos!
Space warps horribly around you!!
* * * LOW HITPOINT WARNING * * *
You hit Crazy Yiuf but do no damage.
Crazy Yiuf hits you with a +4 quarterstaff of chaos.
* * * LOW HITPOINT WARNING * * *
You barely miss Crazy Yiuf.
Your tail-slap misses Crazy Yiuf.
Crazy Yiuf hits you with a +4 quarterstaff of chaos!
You die...

##<..## ♣PP.P♣
##.## ♣.P.♣♣ #.#
♣♣.♣♣ #.# ♣.♣♣
##'## ♣♣.♣ ##...##
♣.♣♣ ##.....## ♣♣.♣
#.......## ##'##
.........#### #@..#
.........'..# #.g.#
.........##.# #..)#
#.......###.# #####
##.....## #.#
##...## #.### ###
##+######.#.###.#
#.###.##.......#
####.##...###.#####


You could see Crazy Yiuf.

Vanquished Creatures
  A water moccasin (D:4)
  An ogre (D:5)
  A bullfrog (D:5)
  2 kobold brigands (Sewer)
  A scorpion (D:5)
  A hound (D:4)
  An orc priest (D:4)
  An iguana (D:4)
  An orc wizard (D:4)
  Robin (D:2)
  12 adders
  4 river rats (Sewer)
  2 worms
  5 dart slugs
  5 orcs (D:4)
  9 ball pythons
  2 endoplasms
  5 giant cockroaches
  8 goblins
  10 hobgoblins
  9 jackals
  23 kobolds
  4 quokkas
  5 bats
  A frilled lizard (D:2)
  23 rats
138 creatures vanquished.

Vanquished Creatures (others)
  A fungus (D:5)
1 creature vanquished.

Grand Total: 139 creatures vanquished

Notes
Turn   | Place    | Note
-------+----------+-------------------------------------------
     0 | D:1      | voltaire321 the Demonspawn Ice Elementalist began the quest
                  | for the Orb.
     0 | D:1      | Reached XP level 1. HP: 13/13 MP: 3/3
   325 | D:1      | Gained mutation: You have a small tail. [demonic ancestry]
   325 | D:1      | Reached XP level 2. HP: 13/20 MP: 0/5
   743 | D:1      | Reached skill level 1 in Fighting
   787 | D:1      | Gained mutation: You regenerate a little health from kills.
                  | [demonic ancestry]
   787 | D:1      | Reached XP level 3. HP: 22/26 MP: 6/6
   876 | D:2      | Noticed Robin
   889 | D:2      | Reached skill level 1 in Armour
   897 | D:2      | Killed Robin
  1224 | D:2      | Gained mutation: You are partially covered in molten
                  | scales. (AC +2) [demonic ancestry]
  1224 | D:2      | Reached XP level 4. HP: 32/32 MP: 7/7
  1232 | D:2      | Found a faded altar of an unknown god.
  1282 | D:2      | Reached skill level 4 in Ice Magic
  1886 | D:3      | Reached XP level 5. HP: 16/38 MP: 9/9
  1985 | D:3      | Found a glowing drain.
  2025 | Sewer    | Entered a sewer
  2051 | Sewer    | Learned a level 3 spell: Frozen Ramparts
  2078 | Sewer    | Learned a level 3 spell: Ozocubu's Armour
  2213 | Sewer    | Reached XP level 6. HP: 43/45 MP: 2/10
  2827 | D:3      | Found Juoqudd's Book Shop.
  3228 | D:4      | Noticed a water moccasin
  3236 | D:4      | Killed a water moccasin
  3389 | D:4      | Gained mutation: You are mostly covered in molten scales.
                  | (AC +3) [demonic ancestry]
  3389 | D:4      | Reached XP level 7. HP: 48/52 MP: 8/12
  3437 | D:4      | Found a hazy altar of Hepliaklqana.
  3437 | D:4      | Found an ancient bone altar of Kikubaaqudgha.
  3437 | D:4      | Found a snail-covered altar of Cheibriados.
  3437 | D:4      | Found a broken altar of Ashenzari.
  3445 | D:4      | Found an ornate altar of the Wu Jian Council.
  3451 | D:4      | Found a shimmering altar of Xom.
  3516 | D:4      | Found Beishebo's Lightly-Used Armoury.
  4115 | D:5      | Entered Level 5 of the Dungeon
  4321 | D:5      | Learned a level 3 spell: Hailstorm
  4471 | D:5      | Reached skill level 5 in Ice Magic
  4729 | D:5      | Found a shimmering blue altar of Sif Muna.
  5030 | D:5      | Found a runed translucent door.
  5031 | D:5      | Noticed Crazy Yiuf
  5039 | D:5      | Slain by Crazy Yiuf

Illustrated notes

Levels and vault maps discovered:
D:1:      minmay_arrival_widening_spiral_wide, layout_basic
D:2:      layout_loops_ring, basic_ecumenical_altar, uniq_robin
D:3:      layout_rooms, lemuel_doored_altar, portal_sewer_entry_c, serial_shops,
          shop_statue, kennysheep_generic_room_9
D:4:      layout_basic, minmay_overflow_temple_hex, minmay_misc_feat_rugged,
          minmay_shop_damaged
D:5:      layout_loops_corners, kennysheep_mini, uniq_crazy_yiuf_cottage

Skill      XL: |  1  2  3  4  5  6  7 |
---------------+----------------------+-----
Dodging        | 2 3 |  3.7
Fighting       | 1 2 3 |  3.5
Armour         | 1 2 3 |  3.2
Ice Magic      | 4 5 |  5.1
Spellcasting   | 3 4 |  4.0
Stealth        | |  1.7
Conjurations   | |  0.9

Action                     |  1- 3 |  4- 6 |  7- 9 || total
---------------------------+-------+-------+-------++-------
  Melee: Dagger            |    99 |   189 |    46 ||   334
         Tailslap          |     9 |    22 |     9 ||    40
         Punch             |       |     1 |       ||     1
   Cast: Freeze            |    11 |       |       ||    11
         Frozen Ramparts   |       |    11 |     9 ||    20
         Ozocubu's Armour  |       |     3 |       ||     3
   Stab: Sleeping          |     3 |     4 |     1 ||     8
 Armour: Robe              |    21 |    82 |     6 ||   109
  Dodge: Dodged            |    72 |   123 |    21 ||   216

Table legend: (Time is in decaauts)
 A = Elapsed time spent in this place.
 B = Non-inter-level travel time spent in this place.
 C = Inter-level travel time spent in this place.
 D = Time resting spent in this place.
 E = Time spent auto-exploring this place.
 F = Levels seen in this place.
 G = Mean time per level.
                   A        B        C        D        E       F      G
               +--------+--------+--------+--------+--------+-----+--------+
         Total |   5057 |   5007 |     50 |    387 |   3487 |   6 |  842.8 |
       Dungeon |   4269 |   4219 |     50 |    300 |   3070 |   5 |  853.8 |
         Sewer |    787 |    787 |      0 |     87 |    417 |   1 |  787.0 |
               +--------+--------+--------+--------+--------+-----+--------+

Top non-repeatable levels by time:
     D:4: 939 daAuts
     D:5: 923 daAuts
     D:1: 873 daAuts
     D:2: 818 daAuts
   Sewer: 787 daAuts
     D:3: 715 daAuts
